 Dungeon Crawl Stone Soup version 0.32-a0-630-g46d191b0ed (webtiles) character file.

Game seed: 16958672826009650385

308 Alarak the Changeling (level 6, -4/38 HPs)
             Began as an Octopode Shapeshifter on Mar 6, 2024.
             Slain by a gnoll
             ... wielding a +2 spear of venom
              (10 damage)
             ... on level 4 of the Dungeon.
             The game lasted 00:03:32 (2125 turns).

Alarak the Changeling (Octopode Shapeshifter)       Turns: 2125, Time: 00:03:33

Health: -4/38      AC:  1    Str: 15    XL:     6   Next: 40%
Magic:  6/6        EV: 28    Int: 13    God:
Gold:   183        SH:  0    Dex: 11    Spells: 5/5 levels left

rFire   . .          .
                       - Unarmed
rCold   . . .        (no shield)
rNeg    . . .        (helmet currently unavailable)
rPois   .            j - amulet of the acrobat
rElec   .            (no ring)
rCorr   .            (no ring)
SInv    .            (no ring)
Will    .....        (no ring)
Stlth   ++           (no ring)
HPRegen 0.26/turn    (no ring)
MPRegen 0.10/turn    (no ring)
                     (no ring)

%: acrobat
@: lethally poisoned (-4 -> -22), beast-form, acrobatic
A: beast (slay +3), almost no armour, amphibious, 8 rings, camouflage 1,
gelatinous body 1, (nimble swimmer 1), tentacles
a: Begin Untransformation


You were on level 4 of the Dungeon.
You were a hulking beast.
You visited 1 branch of the dungeon, and saw 4 of its levels.

You collected 183 gold pieces.

Inventory:

Jewellery
 j - an amulet of the acrobat (around mantle)
Talismans
 b - a beast talisman (active)
 c - a flux talisman
Scrolls
 i - a scroll of summoning
 k - 3 scrolls of teleportation
 n - a scroll of revelation
Potions
 a - a potion of lignification
 d - a potion of berserk rage {unknown}
 e - 2 potions of ambrosia
 f - a potion of resistance
 g - 2 potions of might {unknown}
 h - a potion of cancellation


   Skills:
 - Level 1.0 Fighting
 - Level 2.0 Dodging
 - Level 3.0 Unarmed Combat
 + Level 6.5 Shapeshifting


You had 5 spell levels left.
You didn't know any spells.
Your spell library contained the following spells:

 Spells                   Type           Power      Damage    Failure   Level
 Cigotuvi's Dreadful Rot  Necr/Alch/Air  0%         N/A       43%         2
 Confusing Touch          Hex            0%         N/A       67%         3
 Dazzling Flash           Conj/Hex       0%         N/A       67%         3
 Gell's Gravitas          Tloc           0%         N/A       67%         3
 Mephitic Cloud           Conj/Alch/Air  0%         N/A       67%         3
 Teleport Other           Tloc           0%         N/A       67%         3
 Dimensional Bullseye     Hex/Tloc       0%         N/A       97%         4
 Ignite Poison            Fire/Alch      0%         N/A       97%         4
 Summon Lightning Spire   Summ/Air       0%         N/A       97%         4
 Curse of Agony           Necr           0%         N/A       100%        5
 Freezing Cloud           Conj/Ice/Air   0%         6-21      100%        5
 Lee's Rapid Deconstruct  Erth           0%         3d4*      100%        5
 Silence                  Hex/Air        0%         N/A       100%        5
 Yara's Violent Unravell  Hex/Alch       0%         3d3       100%        5
 Dispersal                Tloc           0%         N/A       100%        6
 Animate Armour           Summ/Erth      Unusable   N/A       N/A         4

Dungeon Overview and Level Annotations

Branches:
Dungeon (4/15)
 Temple: D:4-7

Altars:
Ashenzari
Nemelex Xobeh

Shops:
D:2 *


Innate Abilities, Weirdness & Mutations

You are a hulking beast.
Your limbs bulge with bestial killing power. (Slay +3)
You cannot wear most types of armour.
You are amphibious.
You can wear up to eight rings at the same time.
Your skin changes colour to match your surroundings (Stealth+).
Your rubbery body absorbs attacks. (AC +1, EV +1)
((You are camouflaged when in or above water. (Stealth+)))
You have tentacles for arms and can constrict up to eight enemies at once.


Message History

You climb downwards.
Found 15 gold pieces.
There is a stone staircase leading up here.
You are a hulking beast.
You have 8 tentacles available for constriction.
Your movement speed is average.
Your attack delay is about 0.9.
Your damage rating with unarmed combat is about 9 (Base [3 + 3 (UC)] x 112% (Str) x 101% (Fight) + 3 (Slay)).
Search for what [Enter for "weapon", or ? for help]? armor Search for what [Enter for "armor", or ? for help]? weapon
As you read the scroll labelled UDIAVVOGRU, it crumbles to dust.
It is a scroll of amnesia.
You feel forgetful for a moment.
As you read the scroll labelled GEAMPU IXZOASY, it crumbles to dust.
You assume a fearsome visage.
Nothing appears to happen.
It was a scroll of fear.
Okay, then.
Found a broken altar of Ashenzari.
A gnoll comes into view. It is wielding a +0 whip.
A gnoll comes into view. It is wielding a +2 spear of venom.
A gnoll comes into view. It is wielding a +0 flail.
The gnoll hits you from afar with a +2 spear of venom.
You are poisoned.
The gnoll shouts!
You barely miss the gnoll. Your grab misses the gnoll.
Your squeeze misses the gnoll.
You feel sick.
The gnoll shouts!
You tentacle-slap the gnoll. You grab the gnoll.
The gnoll is moderately wounded.
You constrict the gnoll.
You feel sick. The gnoll hits you with a +0 whip!
The gnoll hits you from afar with a +2 spear of venom!
You are lethally poisoned!
You are too injured to fight recklessly!
Unknown command.
You release your grip on the gnoll.
* * * LOW HITPOINT WARNING * * *
You feel very sick. The gnoll hits you with a +0 whip.
* * * LOW HITPOINT WARNING * * *
The gnoll hits you from afar with a +2 spear of venom!
You die...

........#.....#
..............#
...........###
#.....$..#_+
.##........####
..............# ###
........#.....#
...#
.##....<#.....#
....#
#.....##..h.#.....#
#.....#....gg.....+
#.....#........g..#
#.....#....##.....#
#.....##...# ######
########.^.. .....#
......# .##...##


You could see 3 gnolls.

Vanquished Creatures
  Sigmund (D:3)
  A hound (D:3)
  6 gnolls
  2 adders (D:3)
  A dart slug (D:3)
  An orc (D:3)
  5 endoplasms
  2 giant cockroaches (D:1)
  8 hobgoblins
  3 jackals (D:1)
  2 quokkas (D:3)
  4 bats
  3 frilled lizards
  A goblin (D:3)
  2 kobolds
  2 rats (D:3)
44 creatures vanquished.

Notes
Turn   | Place    | Note
-------+----------+-------------------------------------------
     0 | D:1      | Alarak the Octopode Shapeshifter began the quest for the
                  | Orb.
     0 | D:1      | Reached XP level 1. HP: 13/13 MP: 1/1
     0 | D:1      | Noticed an orb of fire
     1 | D:1      | Noticed a shadow dragon
     2 | D:1      | Noticed a red draconian
     4 | D:1      | Noticed a tentacled monstrosity
     6 | D:1      | Noticed a tentacled monstrosity
     7 | D:1      | Noticed an iron dragon
     8 | D:1      | Noticed a shadow dragon
     9 | D:1      | Noticed a tentacled monstrosity
    11 | D:1      | Noticed a shadow dragon
    13 | D:1      | Noticed a shadow dragon
    15 | D:1      | Noticed an iron dragon
    15 | D:1      | Noticed a shadow dragon
    15 | D:1      | Noticed an iron dragon
    17 | D:1      | Noticed a shadow dragon
    17 | D:1      | Noticed a shadow dragon
    19 | D:1      | Noticed an ice dragon
   283 | D:1      | Reached XP level 2. HP: 16/18 MP: 2/2
   663 | D:2      | Reached skill level 4 in Shapeshifting
   663 | D:2      | Reached XP level 3. HP: 23/23 MP: 3/3
   752 | D:2      | Found Ateadghur's Assorted Antiques.
  1186 | D:3      | Reached XP level 4. HP: 16/28 MP: 4/4
  1395 | D:3      | Found a sparkling altar of Nemelex Xobeh.
  1517 | D:3      | Got the Directory of Mischance
  1670 | D:3      | Reached skill level 5 in Shapeshifting
  1757 | D:3      | Reached XP level 5. HP: 33/33 MP: 5/5
  1778 | D:3      | Noticed Sigmund
  1786 | D:3      | Killed Sigmund
  1787 | D:3      | Reached skill level 6 in Shapeshifting
  1787 | D:3      | Reached XP level 6. HP: 27/38 MP: 6/6
  2115 | D:4      | Found a broken altar of Ashenzari.
  2125 | D:4      | Slain by a gnoll

Illustrated notes

Levels and vault maps discovered:
D:1:      shiori_arrival_whats_in_store_for_you, layout_basic
D:2:      layout_loops_cross, serial_shops, nicolae_shop_rolling_square
D:3:      layout_loops_ring, nemelex_xobeh_ov_fountains_minmay,
          minmay_surrounded, uniq_sigmund
D:4:      layout_gridville, ashenzari_conservatory_becter,
          minmay_temple_entry_water_ring

Skill      XL: |  1  2  3  4  5 |
---------------+----------------+-----
Shapeshifting  | 4 5 6 |  6.5
Fighting       | |  1.0
Dodging        | |  2.0
Unarmed Combat | |  3.0

Action                     |  1- 3 |  4- 6 || total
---------------------------+-------+-------++-------
  Melee: Unarmed           |    39 |    32 ||    71
         Constrict         |    14 |     9 ||    23
         Tentacles         |    11 |     9 ||    20
         Punch             |     4 |     1 ||     5
    Use: Scroll            |       |     9 ||     9
   Stab: Sleeping          |     2 |     6 ||     8
 Armour: Skin              |    13 |     9 ||    22
  Dodge: Dodged            |    14 |    12 ||    26

Table legend: (Time is in decaauts)
 A = Elapsed time spent in this place.
 B = Non-inter-level travel time spent in this place.
 C = Inter-level travel time spent in this place.
 D = Time resting spent in this place.
 E = Time spent auto-exploring this place.
 F = Levels seen in this place.
 G = Mean time per level.
                   A        B        C        D        E       F      G
               +--------+--------+--------+--------+--------+-----+--------+
         Total |   2121 |   2027 |     94 |    234 |   1489 |   4 |  530.2 |
       Dungeon |   2121 |   2027 |     94 |    234 |   1489 |   4 |  530.2 |
               +--------+--------+--------+--------+--------+-----+--------+

Top non-repeatable levels by time:
     D:2: 809 daAuts
     D:3: 753 daAuts
     D:1: 545 daAuts
     D:4: 12 daAuts
